 Dungeon Crawl Stone Soup version 0.29-a0-520-gc852659d43 (webtiles) character file.

Game seed: 7169416251068683045

2221 Ijustatesigmund the Destroyer (level 9, -9/58 HPs)
             Began as a Gnoll Conjurer on May 31, 2022.
             Mangled by an orc knight
             ... wielding a +0 halberd
              (21 damage)
             ... in a bailey.
             The game lasted 00:24:09 (7436 turns).

Ijustatesigmund the Destroyer (Gnoll Conjurer)      Turns: 7436, Time: 00:24:10

Health: -9/58      AC:  5    Str:  8    XL:     9   Next: 35%
Magic:  9/18       EV: 13    Int: 21    God:
Gold:   567        SH:  4    Dex: 10    Spells: 7/21 levels left

rFire   . . .      SeeInvis +   e - +2 hand axe (freeze)
rCold   . . .      Faith    .   z - +0 buckler
rNeg    . . .      Spirit   .   a - +0 robe
rPois   .          Reflect  .   (no helmet)
rElec   .          Harm     .   q - +0 cloak
rCorr   .          Rampage  .   r - +1 pair of gloves
Will    +....      Clarity  +   (no boots)
Stlth   +++.......              g - amulet of regeneration
HPRegen 0.99/turn               n - ring of willpower
MPRegen 0.16/turn               u - ring of see invisible

@: invisible
A: fangs 1, strong nose, distributed training, clarity, frail 1
a: no special abilities


You were in a bailey.
You visited 1 branch of the dungeon, and saw 7 of its levels.
You also visited: Ossuary and Bailey.

You collected 567 gold pieces.

Inventory:

Hand Weapons
 e - a +2 hand axe of freezing (weapon)
Missiles
 y - 5 atropa-tipped darts
Armour
 a - a +0 robe (worn)
 q - a +0 cloak (worn)
 r - a +1 pair of gloves (worn)
 z - a +0 buckler (worn)
Jewellery
 g - an amulet of regeneration (around neck)
 n - a ring of willpower (left hand)
 u - a ring of see invisible (right hand)
 v - a ring of willpower
Wands
 l - a wand of paralysis (4)
 w - a wand of polymorph (8)
Scrolls
 f - 4 scrolls of enchant weapon
 k - a scroll of silence
 m - a scroll of immolation
 x - 2 scrolls of identify
Potions
 b - a potion of magic
 c - 2 potions of flight
 d - 4 potions of brilliance
 h - a potion of attraction
 i - 5 potions of might
 j - a potion of curing
 p - a potion of cancellation {unknown}
 s - a potion of heal wounds
 t - 2 potions of lignification


   Skills:
 + Level 4.1 Fighting
 + Level 4.1 Short Blades
 + Level 4.1 Long Blades
 + Level 4.1 Axes
 + Level 4.1 Maces & Flails
 + Level 4.1 Polearms
 + Level 4.1 Staves
 + Level 4.1 Slings
 + Level 4.1 Bows
 + Level 4.1 Crossbows
 + Level 4.1 Throwing
 + Level 4.1 Armour
 + Level 6.2 Dodging
 + Level 6.0 Stealth
 + Level 4.1 Shields
 + Level 4.1 Unarmed Combat
 + Level 6.6 Spellcasting
 + Level 8.0 Conjurations
 + Level 3.4 Hexes
 + Level 3.4 Summonings
 + Level 3.4 Necromancy
 + Level 3.4 Translocations
 + Level 3.4 Transmutations
 + Level 3.4 Fire Magic
 + Level 3.4 Ice Magic
 + Level 3.4 Air Magic
 + Level 3.4 Earth Magic
 + Level 3.4 Poison Magic
 + Level 4.6 Invocations
 + Level 4.1 Evocations


You had 7 spell levels left.
You knew the following spells:

 Your Spells              Type           Power      Damage    Failure   Level
a - Magic Dart            Conj           100%       1d8       1%          1
b - Searing Ray           Conj           80%        2d7       1%          2
c - Ignite Poison         Fire/Tmut/Pois 21%        N/A       9%          3
d - Hailstorm             Conj/Ice       30%        3d8       11%         4
e - Iskenderun's Mystic   Conj/Tloc      30%        2d8       11%         4

Your spell library contained the following spells:

 Spells                   Type           Power      Damage    Failure   Level
 Freeze                   Ice            84%        1d10      2%          1
 Conjure Flame            Conj/Fire      30%        6-21      3%          3
 Dazzling Flash           Conj/Hex       60%        N/A       3%          3
 Frozen Ramparts          Ice            42%        1d6       9%          3
 Fulminant Prism          Conj/Hex       15%        3d11      11%         4
 Sticky Flame             Conj/Fire      30%        2d5       11%         4


Dungeon Overview and Level Annotations

Branches:
Dungeon (7/15)             Temple (0/1) D:5         Ossuary (visited)
 Bailey (1/1)

Altars:
Ashenzari
Cheibriados

Annotations:
D:7 Dowan


Innate Abilities, Weirdness & Mutations

You have very sharp teeth.
Your uncanny sense of smell can sniff out nearby items.
Your experience applies equally to all skills.
You possess an exceptional clarity of mind.
You are frail. (-10% HP)


Message History

Casting: Magic Dart (safe; 1% risk of failure)
Confirm with . or Enter, or press ? or * to list all spells.
Aiming: Magic Dart (safe; 1% risk of failure)
Press: ? - help, Shift-Dir - straight line, f - orc
Aim: an orc, wielding a +0 trident and wearing a +0 ring mail (wandering, hasn't noticed you, 100% to hit)
The magic dart hits the orc.
The orc is severely wounded.
The orc shouts!
An orc knight comes into view. It is wielding a +0 halberd.
Okay, then.
Casting: Magic Dart (safe; 1% risk of failure)
Confirm with . or Enter, or press ? or * to list all spells.
Aiming: Searing Ray (safe; 1% risk of failure)
Press: ? - help, Shift-Dir - straight line, p - orc The searing ray hits the orc!
You kill the orc! (Press . to maintain the ray.)
The searing ray hits the orc knight!
The orc knight is lightly wounded.
An orc comes into view. It is wielding a +0 halberd.
The searing ray hits the orc knight!
The orc knight is moderately wounded.
The searing ray misses the orc knight.
You finish channelling your searing ray.
An orc warrior comes into view. It is wielding a +0 spear.
The orc knight hits you from afar with a +0 halberd!!
Ouch! That really hurt!
The orc warrior shouts!
Casting: Searing Ray (safe; 1% risk of failure)
Confirm with . or Enter, or press ? or * to list all spells.
Casting: Hailstorm (dangerous; 11% risk of failure)
Press: ? - help, Dir - look around, f - activate A cannonade of hail descends around you!
The hail pelts the orc knight.
The orc knight is moderately wounded.
The orc knight hits you from afar with a +0 halberd!!
* * * LOW HITPOINT WARNING * * *
You fade into invisibility!
The orc knight hits you from afar with a +0 halberd!!
You die...

.#.#..#
......
.....
##''o##
#.....#
#.o...#
#.o...#
#.....#
#.@...#
##'''##
##.....##
#.......#
#.......#
#.)#.#..#
#.)#8#..#
#.......#
##.....##


You could see an orc knight (can't see you), an orc warrior (can't see you) and
an orc (can't see you).

Vanquished Creatures
  A wraith (Ossuary)
  Duvessa (D:7)
  A water moccasin (D:4)
  6 orc warriors (Bailey)
  A black bear (D:5)
  An ice beast (D:5)
  An ogre (D:5)
  A scorpion (D:5)
  2 wights (D:6)
  3 howler monkeys
  3 hounds (D:5)
  A jelly (D:5)
  2 orc priests
  4 iguanas
  Terence (D:2)
  9 orc wizards
  A mummy (Ossuary)
  5 adders
  2 ufetubi
  2 worms
  3 dart slugs
  35 orcs
  10 endoplasms
  2 giant cockroaches
  7 goblins
  9 hobgoblins
  2 jackals (D:1)
  4 quokkas
  8 ball pythons
  3 bats (D:1)
  4 frilled lizards
  7 gnoll skeletons (Ossuary)
  9 kobolds
  5 kobold skeletons (Ossuary)
  13 orc skeletons (Ossuary)
  3 rats
172 creatures vanquished.

Notes
Turn   | Place    | Note
-------+----------+-------------------------------------------
     0 | D:1      | Ijustatesigmund the Gnoll Conjurer began the quest for the
                  | Orb.
     0 | D:1      | Reached XP level 1. HP: 13/13 MP: 6/6
    92 | D:1      | Reached XP level 2. HP: 19/19 MP: 5/7
    95 | D:1      | Learned a level 2 spell: Searing Ray
   482 | D:1      | Reached XP level 3. HP: 25/25 MP: 7/9
   593 | D:1      | Reached skill level 5 in Spellcasting
   960 | D:1      | Found a faded altar of an unknown god.
   966 | D:1      | Reached skill level 1 in Invocations
  1385 | D:2      | Noticed Terence
  1397 | D:2      | Killed Terence
  1398 | D:2      | Reached skill level 1 in Fighting
  1398 | D:2      | Reached skill level 1 in Short Blades
  1398 | D:2      | Reached skill level 1 in Long Blades
  1398 | D:2      | Reached skill level 1 in Axes
  1398 | D:2      | Reached skill level 1 in Maces & Flails
  1398 | D:2      | Reached skill level 1 in Polearms
  1398 | D:2      | Reached skill level 1 in Staves
  1398 | D:2      | Reached skill level 1 in Slings
  1398 | D:2      | Reached skill level 1 in Bows
  1398 | D:2      | Reached skill level 1 in Crossbows
  1398 | D:2      | Reached skill level 1 in Throwing
  1398 | D:2      | Reached skill level 1 in Armour
  1398 | D:2      | Reached skill level 1 in Shields
  1398 | D:2      | Reached skill level 1 in Unarmed Combat
  1398 | D:2      | Reached skill level 1 in Evocations
  1398 | D:2      | Reached XP level 4. HP: 26/32 MP: 1/11
  1745 | D:2      | Reached skill level 1 in Hexes
  1745 | D:2      | Reached skill level 1 in Summonings
  1745 | D:2      | Reached skill level 1 in Necromancy
  1745 | D:2      | Reached skill level 1 in Translocations
  1745 | D:2      | Reached skill level 1 in Transmutations
  1745 | D:2      | Reached skill level 1 in Fire Magic
  1745 | D:2      | Reached skill level 1 in Ice Magic
  1745 | D:2      | Reached skill level 1 in Air Magic
  1745 | D:2      | Reached skill level 1 in Earth Magic
  1745 | D:2      | Reached skill level 1 in Poison Magic
  2707 | D:3      | Gained mutation: You are frail. (-10% HP) [potion of
                  | mutation]
  2707 | D:3      | Gained mutation: Your magical capacity is low. (-10% MP)
                  | [potion of mutation]
  2707 | D:3      | Gained mutation: You are very frail. (-20% HP) [potion of
                  | mutation]
  2708 | D:3      | Lost mutation: You are very frail. (-20% HP) [potion of
                  | mutation]
  2708 | D:3      | Lost mutation: Your magical capacity is low. (-10% MP)
                  | [potion of mutation]
  2708 | D:3      | Gained mutation: You possess an exceptional clarity of
                  | mind. [potion of mutation]
  2801 | D:3      | Reached XP level 5. HP: 33/33 MP: 7/12
  3475 | D:4      | Found a sand-covered staircase.
  3480 | Ossuary  | Entered an ossuary
  3480 | Ossuary  | Noticed a wraith
  3480 | Ossuary  | Noticed a wraith
  3480 | Ossuary  | Noticed a wraith
  3908 | Ossuary  | Noticed a wraith
  3927 | Ossuary  | Killed a wraith
  3928 | Ossuary  | Reached skill level 5 in Dodging
  3928 | Ossuary  | Reached XP level 6. HP: 19/39 MP: 5/14
  4408 | D:4      | Noticed a water moccasin
  4411 | D:4      | Killed a water moccasin
  4412 | D:4      | Reached XP level 7. HP: 45/45 MP: 10/15
  4872 | D:4      | Learned a level 3 spell: Ignite Poison
  4884 | D:5      | Entered Level 5 of the Dungeon
  4964 | D:5      | Found a staircase to the Ecumenical Temple.
  5106 | D:5      | Reached skill level 5 in Stealth
  5370 | D:5      | Found a snail-covered altar of Cheibriados.
  5388 | D:5      | Reached XP level 8. HP: 51/51 MP: 7/16
  6461 | D:6      | Found a broken altar of Ashenzari.
  6721 | D:7      | Learned a level 4 spell: Hailstorm
  6726 | D:7      | Learned a level 4 spell: Iskenderun's Mystic Blast
  6749 | D:7      | Noticed Duvessa
  6761 | D:7      | Killed Duvessa
  6762 | D:7      | Noticed Dowan
  6802 | D:7      | Found a flagged portal.
  6812 | Bailey   | Entered a bailey
  6901 | Bailey   | Reached XP level 9. HP: 50/58 MP: 9/18
  7150 | Bailey   | Reached skill level 8 in Conjurations
  7426 | Bailey   | Noticed an orc knight
  7436 | Bailey   | Mangled by an orc knight

Illustrated notes

Levels and vault maps discovered:
D:1:      dpeg_arrival_tiny_i, layout_loops_ring,
          shapermc_ecumenical_altar_mp_highgroup
D:2:      layout_loops_corners, uniq_terence
D:3:      layout_basic
D:4:      layout_loops_ring, enter_ossuary_2
D:5:      layout_basic, kennysheep_slug_shrine, minmay_temple_entry_junction
D:6:      layout_gridville, evilmike_ruin_ashenzari,
          minmay_a_box_with_orc_wizards_in_it
D:7:      cheibrodos_barr_body, layout_loops_ring, fiery_altar_vehumet,
          lemuel_coloured_pillars_altar, enter_bailey_3,
          minmay_misc_feat_columns, uniq_duvessa, uniq_joseph, uniq_menkaure
Bailey:   bailey_polearm_5, bailey

Skill      XL: |  1  2  3  4  5  6  7  8  9 |
---------------+----------------------------+-----
Spellcasting   | 5 6 |  6.6
Invocations    | 1 2 3 4 |  4.6
Fighting       | 1 2 3 4 |  4.1
Short Blades   | 1 2 3 4 |  4.1
Long Blades    | 1 2 3 4 |  4.1
Axes           | 1 2 3 4 |  4.1
Maces & Flails | 1 2 3 4 |  4.1
Polearms       | 1 2 3 4 |  4.1
Staves         | 1 2 3 4 |  4.1
Slings         | 1 2 3 4 |  4.1
Bows           | 1 2 3 4 |  4.1
Crossbows      | 1 2 3 4 |  4.1
Throwing       | 1 2 3 4 |  4.1
Armour         | 1 2 3 4 |  4.1
Shields        | 1 2 3 4 |  4.1
Unarmed Combat | 1 2 3 4 |  4.1
Evocations     | 1 2 3 4 |  4.1
Hexes          | 1 2 3 |  3.4
Summonings     | 1 2 3 |  3.4
Necromancy     | 1 2 3 |  3.4
Translocations | 1 2 3 |  3.4
Transmutations | 1 2 3 |  3.4
Fire Magic     | 1 2 3 |  3.4
Ice Magic      | 1 2 3 |  3.4
Air Magic      | 1 2 3 |  3.4
Earth Magic    | 1 2 3 |  3.4
Poison Magic   | 1 2 3 |  3.4
Dodging        | 5 6 |  6.2
Stealth        | 5 6 |  6.0
Conjurations   | 8 |  8.0

Action                   |  1- 3 |  4- 6 |  7- 9 || total
-------------------------+-------+-------+-------++-------
Melee: Hand axe          |       |     7 |    65 ||    72
       Bite              |       |     1 |     9 ||    10
 Cast: Magic Dart        |    60 |   103 |    62 ||   225
       Searing Ray       |     3 |    12 |    35 ||    50
       Hailstorm         |       |       |     5 ||     5
       Ignite Poison     |       |       |     1 ||     1
Evoke: Wand              |       |       |     4 ||     4
  Use: Scroll            |     2 |    12 |     4 ||    18
       Potion            |       |     3 |     8 ||    11
 Stab: Sleeping          |       |     1 |     1 ||     2
       Paralysed         |       |       |     9 ||     9
Armor: Robe              |     1 |     2 |    14 ||    17
       Skin              |       |       |     6 ||     6
Dodge: Dodged            |     3 |    17 |    84 ||   104
Block: Buckler           |       |       |    10 ||    10

Table legend: (Time is in decaauts)
 A = Elapsed time spent in this place.
 B = Non-inter-level travel time spent in this place.
 C = Inter-level travel time spent in this place.
 D = Time resting spent in this place.
 E = Time spent auto-exploring this place.
 F = Levels seen in this place.
 G = Mean time per level.
                   A        B        C        D        E       F      G
               +--------+--------+--------+--------+--------+-----+--------+
         Total |   7456 |   7319 |    137 |   1716 |   4327 |   9 |  828.4 |
       Dungeon |   5927 |   5790 |    137 |    819 |   4030 |   7 |  846.7 |
       Ossuary |    904 |    904 |      0 |    470 |    254 |   1 |  904.0 |
        Bailey |    624 |    624 |      0 |    427 |     43 |   1 |  624.0 |
               +--------+--------+--------+--------+--------+-----+--------+

Top non-repeatable levels by time:
     D:5: 1507 daAuts
     D:1: 1124 daAuts
     D:2: 1075 daAuts
     D:3: 1004 daAuts
 Ossuary: 904 daAuts
     D:4: 790 daAuts
  Bailey: 624 daAuts
     D:6: 276 daAuts
     D:7: 148 daAuts
